 Dungeon Crawl Stone Soup version 0.31.0-9-g3a7656b989 (webtiles) character file.

Game seed: 12144478492330242929

221 qw the Shooter (level 5, -4/26 HPs)
             Began as a Spriggan Hunter on Feb 2, 2024.
             Killed from afar by an orc wizard (12 damage)
             ... with a puff of flame
             ... on level 3 of the Dungeon.
             The game lasted 00:00:07 (1688 turns).

qw the Shooter (Spriggan Hunter)                    Turns: 1688, Time: 00:00:08

Health: -4/26      AC:  2    Str:  7    XL:     5   Next: 65%
Magic:  6/6        EV: 20    Int: 10    God:
Gold:   58         SH:  0    Dex: 21    Spells: 4/4 levels left

rFire   . . .        a - +2 shortbow
rCold   . . .        (shield currently unavailable)
rNeg    . . .        c - +0 robe
rPois   .            (helmet restricted)
rElec   .            (no cloak)
rCorr   .            (gloves unavailable)
SInv    +            (boots unavailable)
Will    .....        (no amulet)
Stlth   ++           (no ring)
HPRegen 0.24/turn    (no ring)
MPRegen 0.10/turn

%: no passive effects
@: very quick
A: very small, no large weapons, unfitting armour, see invisible, speed 3
a: no special abilities


You were on level 3 of the Dungeon.
You visited 1 branch of the dungeon, and saw 3 of its levels.

You collected 86 gold pieces.
You spent 28 gold pieces at shops.


Innate Abilities, Weirdness & Mutations

You are very small and have problems with some larger weapons.
You are too small for most types of armour.
You have supernaturally acute eyesight. (SInv)
You cover ground extremely quickly. (Speed+++)


   Skills:
 - Level 2.2 Fighting
 + Level 5.7 Ranged Weapons
 - Level 5.1 Dodging
 - Level 1.5 Stealth


You had 4 spell levels left.
You didn't know any spells.
Your spell library was empty.

Inventory:

Hand Weapons
 a - a +2 shortbow (weapon)
Armour
 c - a +0 robe (worn)
Potions
 b - a potion of invisibility {unknown}
 d - a potion of experience {unknown}

Dungeon Overview and Level Annotations

Branches:
Dungeon (3/15)

Altars:

Shops:
D:2 *

Annotations:
D:3 3 runed translucent doors, qw's ghost, amateur SpHu


Message History

The magic dart hits you.
You shoot an arrow. The arrow barely misses the orc wizard.
You shoot an arrow. The arrow hits the orc wizard.
You kill the orc wizard!
The orc closely misses you.
You shoot an arrow. The arrow hits the orc.
The orc is heavily wounded.
The orc hits you with a +0 hand axe.
You shoot an arrow. The arrow barely misses the orc.
The orc misses you. The orc wizard barely misses you.
You shoot an arrow. The arrow hits the orc.
The orc is almost dead.
The orc wizard barely misses you. The orc hits you with a +0 hand axe!
You shoot an arrow. The arrow hits the orc.
You kill the orc!
The orc wizard gestures at you while chanting.
You easily resist.
You shoot an arrow.
The arrow hits the orc but does no damage.
The orc is severely wounded.
The orc wizard hits you with a +0 dagger.
The orc completely misses you.
You shoot an arrow. The arrow barely misses the orc.
The orc closely misses you.
The orc wizard hits you with a +0 dagger.
You shoot an arrow. The arrow closely misses the orc.
The orc wizard points at you and mumbles some strange words.
You easily resist.
The orc misses you.
You shoot an arrow.
The arrow hits the orc but does no damage.
The orc is severely wounded.
The orc hits you but does no damage.
The orc wizard casts a spell.
The orc wizard flickers and vanishes for a moment.
The orc closely misses you. The orc wizard barely misses you.
You shoot an arrow. The arrow hits the orc.
You kill the orc!
The orc wizard points at you and mumbles some strange words.
The puff of flame hits you!
You die...

.....##.#
.....##.#
.....##.#######
.........%#...#
%...).....#.#.#
............#.###
.####.....###...##
## #.....# ###..#
####### ##@#
#..)o# #.......#
......### ....##
.###


You could see an orc wizard (invisible).

Vanquished Creatures
  2 orc priests (D:3)
  Terence (D:2)
  An orc wizard (D:3)
  6 adders
  A ribbon worm (D:2)
  4 orcs (D:3)
  4 endoplasms
  A giant cockroach (D:3)
  6 goblins
  7 hobgoblins
  2 jackals (D:2)
  3 kobolds
  2 quokkas (D:1)
  5 ball pythons
  5 bats
  3 frilled lizards
  5 rats
58 creatures vanquished.

Notes
Turn   | Place    | Note
-------+----------+-------------------------------------------
     0 | D:1      | qw the Spriggan Hunter began the quest for the Orb.
     0 | D:1      | Reached XP level 1. HP: 10/10 MP: 2/2
     0 | D:1      | 0 ||| qw: Version: 0.3-a-155-g5e7d8dd
     0 | D:1      | 0 ||| qw: Game counter: 1952
     0 | D:1      | 0 ||| qw: Melee chars always use a shield: true
     0 | D:1      | 0 ||| qw: God list: Okawaru
     0 | D:1      | 0 ||| qw: Allow faded altars: false
     0 | D:1      | 0 ||| qw: Do Orc after clearing Dungeon:15 true
     0 | D:1      | 0 ||| qw: Do second Lair branch before Depths: true
     0 | D:1      | 0 ||| qw: Lair rune preference: random
     0 | D:1      | 0 ||| qw: Goals: Normal
     0 | D:1      | 0 ||| PLANNING D:1-11
    75 | D:1      | Reached skill level 3 in Dodging
   141 | D:1      | Found a faded altar of an unknown god.
   198 | D:1      | Reached XP level 2. HP: 14/14 MP: 3/3
   435 | D:1      | 435 ||| READING 2 scrolls labelled ENUODAZIEZ.
   435 | D:1      | 435 ||| IDENTIFYING 2 glowing coppery potions
   436 | D:1      | 436 ||| READING scroll of identify.
   436 | D:1      | 436 ||| IDENTIFYING scroll labelled WEMOLL TOKUL
   784 | D:1      | 784 ||| READING scroll labelled ZUACKE NUIRCH.
   789 | D:1      | 789 ||| READING scroll labelled HAGHIAR ZIOQOG.
   890 | D:1      | 890 ||| READING scroll labelled GEUX BON ULO.
   891 | D:1      | 891 ||| READING scroll labelled KULAC FUR.
   891 | D:1      | 891 ||| ENCHANTING +0 shortbow.
   892 | D:1      | 892 ||| READING scroll labelled POGREOSATO.
   893 | D:1      | 893 ||| DROPPING scroll of butterflies.
   894 | D:1      | 894 ||| DROPPING scroll of blinking.
   895 | D:1      | 895 ||| DROPPING 2 potions of degeneration.
   936 | D:2      | 936 ||| READING scroll of enchant weapon.
   936 | D:2      | 936 ||| ENCHANTING +1 shortbow.
   961 | D:2      | Found Nori's General Store.
   971 | D:2      | 971 ||| SHOPLISTING scroll of acquirement (728 gold, have
                  | 42).
   971 | D:2      | 971 ||| BUYING scroll of identify (28 gold).
   971 | D:2      | Bought a scroll of identify for 28 gold pieces
   978 | D:2      | Reached XP level 3. HP: 18/18 MP: 4/4
  1210 | D:2      | Reached XP level 4. HP: 22/22 MP: 5/5
  1332 | D:2      | Noticed Terence
  1339 | D:2      | Killed Terence
  1423 | D:2      | 1423 ||| DROPPING amulet of magic regeneration.
  1424 | D:2      | 1424 ||| READING 3 scrolls of identify.
  1424 | D:2      | 1424 ||| IDENTIFYING glowing puce potion
  1425 | D:2      | 1425 ||| READING 2 scrolls of identify.
  1425 | D:2      | 1425 ||| IDENTIFYING inky potion
  1426 | D:2      | 1426 ||| READING scroll of identify.
  1426 | D:2      | 1426 ||| IDENTIFYING scroll labelled JIULONN MYKU
  1427 | D:2      | 1427 ||| READING scroll labelled ECHIAJU CIKK.
  1428 | D:2      | 1428 ||| DROPPING scroll of amnesia.
  1429 | D:2      | 1429 ||| DROPPING potion of lignification.
  1443 | D:3      | HP: 5/22 [orc priest/divine providence (17)]
  1444 | D:3      | 1444 ||| READING 2 scrolls of teleportation.
  1445 | D:3      | 1445 ||| DRINKING potion of heal wounds.
  1446 | D:3      | 1446 ||| FLEEEEING.
  1447 | D:3      | 1447 ||| FLEEEEING.
  1448 | D:3      | 1448 ||| FLEEEEING.
  1467 | D:3      | Reached XP level 5. HP: 14/26 MP: 6/6
  1469 | D:3      | HP: 1/26 [orc priest/nerve-wracking pain (14)]
  1470 | D:3      | 1470 ||| READING scroll of teleportation.
  1523 | D:3      | 1523 ||| FLEEEEING.
  1524 | D:3      | 1524 ||| FLEEEEING.
  1525 | D:3      | 1525 ||| FLEEEEING.
  1526 | D:3      | 1526 ||| FLEEEEING.
  1527 | D:3      | 1527 ||| STAIRDANCE
  1595 | D:3      | Found a runed translucent gate.
  1595 | D:3      | Found a runed translucent gate.
  1595 | D:3      | Found a runed translucent gate.
  1599 | D:3      | Noticed qw's ghost (amateur SpHu)
  1688 | D:3      | Killed from afar by an orc wizard

Levels and vault maps discovered:
D:1:      evilmike_arrival_hilbert_curve, layout_basic, serial_aquarium,
          aquarium_bridge_square [aquarium_subvault_bridge,
          aquarium_subvault_bridge, aquarium_subvault_wall,
          aquarium_subvault_window], aquarium_window_corridor_2,
          aquarium_window_corner, aquarium_window_fake, aquarium_view_2d,
          aquarium_balcony_double_1, dreamdust_ecumenical_altar_statues,
          hangedman_glass_teeth, minmay_tiny_reverse_x
D:2:      layout_rooms, serial_shops, shop, uniq_terence
D:3:      minmay_spotlight, layout_basic,
          nicolae_gozag_cash_rules_everything_around_me, serial_curves,
          eino_curves_04, eino_curves_01, gammafunk_ghost_split, uniq_natasha

Skill      XL: |  1  2  3  4 |
---------------+-------------+-----
Dodging        | 3 4 5 |  5.1
Ranged Weapons | 5 |  5.7
Fighting       | 2 |  2.2
Stealth        | |  1.5

Action                     |  1- 3 |  4- 6 || total
---------------------------+-------+-------++-------
   Fire: Shortbow          |    83 |    83 ||   166
    Use: Scroll            |     8 |     6 ||    14
         Potion            |       |     1 ||     1
 Armour: Robe              |     1 |    12 ||    13
  Dodge: Dodged            |     6 |    23 ||    29

Table legend:
 A = Non-vault XP
 B = Vault XP
 C = Vault XP percentage of total XP
 D = Non-vault monster count
 E = Vault monster count
 F = Vault count percentage of total count
                 A         B        C        D         E       F
            +---------+---------+-------+---------+---------+-------
      Total |     281 |      38 |  11.9 |      55 |       3 |   5.2
            +---------+---------+-------+---------+---------+-------
        D:1 |      28 |       2 |   6.7 |      16 |       2 |  11.1
        D:2 |     100 |      36 |  26.5 |      23 |       1 |   4.2
        D:3 |     153 |       0 |   0.0 |      16 |       0 |   0.0
            +---------+---------+-------+---------+---------+-------
